 Dungeon Crawl Stone Soup version 0.22-a0-614-g34fbaa0 (webtiles) character file.

26 stankywizzleteets the Digger (level 2, -2/22 HPs)
             Began as a Deep Dwarf Earth Elementalist on July 13, 2018.
             Slain by a kobold (3 damage)
             ... on level 2 of the Dungeon.
             The game lasted 00:05:09 (949 turns).

stankywizzleteets the Digger (DDEE)                  Turns: 949, Time: 00:05:10

Health: -2/22      AC:  2    Str: 11    XL:     2   Next: 89%
Magic:  0/5        EV: 12    Int: 15    God:
Gold:   23         SH:  0    Dex: 13    Spells: 4/5 levels left

rFire    . . .     SeeInvis .   e - -2 club (curse)
rCold    . . .     Gourm    .   (no shield)
rNeg     . . .     Faith    .   c - +0 robe
rPois    .         Spirit   .   (no helmet)
rElec    .         Reflect  .   (no cloak)
rCorr    .         Harm     .   (no gloves)
MR       .....                  (no boots)
Stlth    ++........             (no amulet)
HPRegen  0.00/turn              (no ring)
MPRegen  0.09/turn              (no ring)

@: non-regenerating
A: damage resistance, heal wounds, sense surroundings 1, no regeneration
a: Heal Wounds


You were on level 2 of the Dungeon.
You were hungry.

You visited 1 branch of the dungeon, and saw 2 of its levels.

You collected 23 gold pieces.

Inventory:

Hand Weapons
 e - a cursed -2 club (weapon)
Missiles
 b - 31 stones (quivered)
Armour
 c - a +0 robe (worn)
Scrolls
 a - 2 scrolls of identify {unknown}
 g - a scroll of remove curse {unknown}
Potions
 f - a potion of might {unknown}
Comestibles
 d - 2 rations


   Skills:
 + Level 2.3 Dodging
 + Level 2.8 Stealth
 + Level 2.2 Spellcasting
   Level 0.8 Transmutations
 + Level 4.8 Earth Magic


You had 4 spell levels left.
You knew the following spells:

 Your Spells              Type           Power        Failure   Level  Hunger
a - Sandblast             Erth           ###...       3%          1    #......

Your spell library contained the following spells:

 Spells                   Type           Power        Failure   Level  Hunger
 Stone Arrow              Conj/Erth      #.....       24%         3    ###....
 Passwall                 Tmut/Erth      ##......     11%         2    ###....
 Lee's Rapid Deconstruct  Erth           ###.......   63%         5    ######.
 Petrify                  Tmut/Erth      ##......     56%         4    #####..


Dungeon Overview and Level Annotations

Branches:
Dungeon (2/15)

Altars:


Innate Abilities, Weirdness & Mutations

You are resistant to damage.
You can heal yourself by infusing magical energy.
You passively map a small area around you.
You do not regenerate.


Message History

Confirm with . or Enter, or press ? or * to list all spells.
You don't have enough magic to cast that spell.
Unknown command.
You hit the jackal but do no damage. The bat hits you but does no damage.
The jackal bites you. The kobold hits you.
* * * LOW HITPOINT WARNING * * *
You hit the jackal.
The jackal is severely wounded.
The bat closely misses you.
The jackal bites you but does no damage.
The kobold hits you.
* * * LOW HITPOINT WARNING * * *
The jackal barely misses you. The kobold closely misses you.
You barely miss the jackal.
The jackal is severely wounded.
The bat barely misses you. The bat closely misses you.
The jackal closely misses you. The jackal bites you.
* * * LOW HITPOINT WARNING * * *
The kobold hits you.
You die...

* * * * , , ,*
, , , , , *##
*, , , ,,... *
* , ,,,....
#+** ..... , *
,
#####.##l.....
, ,*
*#...bh@K#
....††.†.#
.........# , ,
,,........## ,
........#
........# ,
........# , *
........# * ,
,


You could see a leopard gecko, a jackal, a bat and a kobold.

Vanquished Creatures
  A giant cockroach (D:1)
  4 goblins (D:1)
  3 hobgoblins (D:1)
  3 jackals (D:2)
  A ball python (D:1)
  5 bats (D:1)
  2 frilled lizards
  2 kobolds (D:1)
  5 rats (D:1)
26 creatures vanquished.

Notes
Turn   | Place    | Note
-------+----------+-------------------------------------------
     0 | D:1      | stankywizzleteets the Deep Dwarf Earth Elementalist began the quest for the Orb.
     0 | D:1      | Reached XP level 1. HP: 15/15 MP: 3/3
   206 | D:1      | Reached XP level 2. HP: 7/22 MP: 2/4
   949 | D:2      | HP: 1/22 [jackal (2)]
   949 | D:2      | Slain by a kobold

Vault maps used:
D:1:      minmay_arrival_semitransparent
D:2:      uniq_jessica, uniq_terence

Skill      XL: |  1  2 |
---------------+-------+-----
Spellcasting   | 2 |  2.2
Dodging        | |  2.3
Stealth        | |  2.8
Transmutations | |  0.8
Earth Magic    | |  4.8

Action                   || total
-------------------------++-------
Melee: Club              ||    27
 Cast: Sandblast         ||    27
Armor: Robe              ||    23
Dodge: Dodged            ||    43

Table legend:
 A = Spawn XP
 B = Non-spawn XP
 C = Spawn XP percentage of total XP
 D = Spawn monster count
 E = Non-spawn monster count
 F = Spawn count percentage of total count
 G = Total turns spent on level
                    A         B        C        D         E        F      G
               +---------+---------+-------+---------+---------+-------+---------
         Total |       0 |      38 |   0.0 |       0 |      26 |   0.0 |   949
               +---------+---------+-------+---------+---------+-------+---------
           D:1 |       0 |      31 |   0.0 |       0 |      22 |   0.0 |   941
           D:2 |       0 |       7 |   0.0 |       0 |       4 |   0.0 |     8
               +---------+---------+-------+---------+---------+-------+---------
